 Dungeon Crawl Stone Soup version 0.29-a0-384-g6960b1960d (webtiles) character file.

Game seed: 7427656310110097830

37 happo123 the Ruffian (level 3, -1/54 HPs)
             Began as a Troll Berserker on May 6, 2022.
             Was a Follower of Trog.
             Slain by a gnoll
             ... wielding a +0 spear
              (4 damage)
             ... on level 2 of the Dungeon.
             The game lasted 00:07:28 (806 turns).

happo123 the Ruffian (Troll Berserker)               Turns: 806, Time: 00:07:31

Health: -1/54      AC:  4    Str: 27    XL:     3   Next: 21%
Magic:  2/2        EV: 10    Int:  3    God:    Trog [*.....]
Gold:   28         SH:  0    Dex:  9    Spells: 2/2 levels left

rFire   . . .      SeeInvis .     - Unarmed
rCold   . . .      Faith    .   (no shield)
rNeg    . . .      Spirit   .   a - +0 animal skin
rPois   .          Reflect  .   (helmet restricted)
rElec   .          Harm     .   (no cloak)
rCorr   .          Rampage  .   (gloves unavailable)
Will    .....                   (boots unavailable)
Stlth   ..........              (no amulet)
HPRegen 0.98/turn               d - ring of flight
MPRegen 0.08/turn               (no ring)

@: berserking, flying, very quick
A: large, unfitting armour, claws 3, regeneration 1, shaggy fur 1, tough skin 1
a: Renounce Religion, Berserk


You were on level 2 of the Dungeon.
You worshipped Trog.
Trog was aware of your devotion.
You visited 1 branch of the dungeon, and saw 2 of its levels.

You collected 28 gold pieces.

Inventory:

Armour
 a - a +0 animal skin (worn)
Jewellery
 d - a ring of flight (left claw)
Scrolls
 e - a scroll of teleportation {unknown}
Potions
 b - a potion of lignification {unknown}
 c - a potion of heal wounds {unknown}
 f - a potion of resistance {unknown}


   Skills:
 + Level 2.8 Fighting
 + Level 2.8 Dodging
 + Level 3.6 Unarmed Combat


You had 2 spell levels left.
You didn't know any spells.
Your spell library was empty.

Dungeon Overview and Level Annotations

Branches:
Dungeon (2/15)

Altars:


Innate Abilities, Weirdness & Mutations

You are too large for most types of armour.
You have claws for hands.
Your natural rate of healing is unusually fast.
You are covered in fur. (AC +1)
You have tough skin. (AC +1)


Message History

A nearby plant withers and dies. x2
The gnoll hits the plant with a +0 spear.
The giant cockroach closely misses you.
The gnoll hits you from afar with a +0 spear.
The gnoll hits you but does no damage.
You mangle the gnoll!!
You kill the gnoll!
Trog accepts your kill.
The giant cockroach bites you but does no damage.
The goblin hits you with a +0 dagger.
The gnoll hits you from afar with a +0 spear.
You have reached level 3!
Your experience leads to an increase in your attributes!
Increase (S)trength, (I)ntelligence, or (D)exterity?
You feel stronger. x3
You barely miss the quokka.
A nearby plant withers and dies.
The quokka closely misses you.
The giant cockroach bites you but does no damage.
You closely miss the quokka.
The gnoll hits you from afar with a +0 spear!
* * * LOW HITPOINT WARNING * * *
The goblin barely misses you.
The gnoll hits you from afar with a +0 spear.
* * * LOW HITPOINT WARNING * * *
You scratch the quokka.
The quokka is severely wounded.
The quokka bites you.
* * * LOW HITPOINT WARNING * * *
The giant cockroach closely misses you.
The gnoll hits you from afar with a +0 spear.
* * * LOW HITPOINT WARNING * * *
You are too berserk!
You claw the quokka!
You kill the quokka!
Trog accepts your kill.
The giant cockroach bites you but does no damage.
The goblin hits you with a +0 dagger.
* * * LOW HITPOINT WARNING * * *
The gnoll hits you from afar with a +0 spear.
You die...

#.. #..#.# ##.##
#..#.#
#...####..#..
.♣♣.♣♣...).....#.#
g.P..P...#####)#.#
.♣.PP♣♣...# #.#.##
P..P ♣♣...# #..<.#
♣.♣ ..♣♣♣♣PP..#
###..#
.....♣♣BgB@).##
#..# ♣...gg♣♣♣#
#..# ♣P.....g.♣
#..< ♣P.).♣..♣♣♣♣
##.## ♣$.§.[.♣♣ ..
P..#... .# P....[.
. ...#♣ ....


You could see 3 gnolls, 2 giant cockroaches and a goblin.

Vanquished Creatures
  A gnoll (D:2)
  2 dart slugs (D:1)
  2 ball pythons (D:1)
  A bat (D:1)
  4 endoplasms (D:1)
  A giant cockroach (D:1)
  3 goblins
  2 hobgoblins (D:1)
  2 quokkas
  2 frilled lizards (D:1)
  A kobold (D:1)
21 creatures vanquished.

Vanquished Creatures (others)
  9 plants (D:2)
9 creatures vanquished.

Grand Total: 30 creatures vanquished

Notes
Turn   | Place    | Note
-------+----------+-------------------------------------------
     0 | D:1      | happo123 the Troll Berserker began the quest for the Orb.
     0 | D:1      | Reached XP level 1. HP: 22/22 MP: 0/0
   165 | D:1      | Reached XP level 2. HP: 28/29 MP: 1/1
   329 | D:1      | Found a faded altar of an unknown god.
   767 | D:1      | Upgraded the game from 0.29-a0-380-gf50f0a9fbc to
                  | 0.29-a0-384-g6960b1960d
   803 | D:2      | Reached XP level 3. HP: 18/36 MP: 2/2
   806 | D:2      | Slain by a gnoll

Illustrated notes

Levels and vault maps discovered:
D:1:      dpeg_arrival_concentric_ovals, layout_basic, basic_ecumenical_altar,
          kennysheep_pointless_box, grunt_decor_arrowhead,
          kennysheep_another_room
D:2:      wad_woods_stonehenge, layout_loops_ring, minmay_pentomino_x2,
          uniq_crazy_yiuf_cottage

Action                   || total
-------------------------++-------
Melee: Unarmed           ||    45
       Punch             ||     1
Invok: Berserk           ||     1
Armor: Animal skin       ||    15
Dodge: Dodged            ||    36

Table legend: (Time is in decaauts)
 A = Elapsed time spent in this place.
 B = Non-inter-level travel time spent in this place.
 C = Inter-level travel time spent in this place.
 D = Time resting spent in this place.
 E = Time spent auto-exploring this place.
 F = Levels seen in this place.
 G = Mean time per level.
                   A        B        C        D        E       F      G
               +--------+--------+--------+--------+--------+-----+--------+
         Total |    799 |    137 |    662 |      0 |      0 |   2 |  399.5 |
       Dungeon |    799 |    137 |    662 |      0 |      0 |   2 |  399.5 |
               +--------+--------+--------+--------+--------+-----+--------+

Top non-repeatable levels by time:
     D:1: 765 daAuts
     D:2: 34 daAuts
